 Dungeon Crawl Stone Soup version 0.29.1-15-g9cfb28693d (webtiles) character file.

Game seed: 7708743241388526195

100 manyhoops the Sneak (level 4, -2/28 HPs)
             Began as an Octopode Transmuter on Apr 6, 2023.
             Killed from afar by Natasha (8 damage)
             ... with a bolt of dispelling energy
             ... on level 2 of the Dungeon.
             The game lasted 00:02:33 (2140 turns).

manyhoops the Sneak (Octopode Transmuter)           Turns: 2140, Time: 00:02:33

Health: -2/28      AC:  1    Str: 11    XL:     4   Next: 74%
Magic:  7/7        EV: 13    Int: 15    God:
Gold:   84         SH:  0    Dex: 12    Spells: 4/7 levels left

rFire   . . .      SeeInvis .     - Unarmed
rCold   . . .      Faith    .   (no shield)
rNeg    . . .      Spirit   .   (helmet restricted)
rPois   .          Reflect  .   (no amulet)
rElec   .          Harm     .   (no ring)
rCorr   .          Rampage  .   (no ring)
Will    .....                   (no ring)
Stlth   ++++......              (no ring)
HPRegen 0.09/turn               (no ring)
MPRegen 0.10/turn               (no ring)
                                (no ring)
                                (no ring)

@: invisible (expiring)
A: almost no armour, amphibious, 8 rings, camouflage 1, gelatinous body 1,
(nimble swimmer 1), tentacles
a: no special abilities


You were on level 2 of the Dungeon.
You visited 1 branch of the dungeon, and saw 2 of its levels.

You collected 84 gold pieces.

Inventory:

Scrolls
 c - a scroll of amnesia
 f - a scroll of identify
 g - a scroll of fog {unknown}
 h - a scroll of enchant weapon {unknown}
 j - a scroll of torment {unknown}
 k - a scroll of magic mapping {unknown}
Potions
 a - a potion of lignification
 b - a potion of attraction {unknown}
 d - a potion of invisibility
 e - a potion of heal wounds {unknown}
 i - 2 potions of curing {unknown}


   Skills:
 * Level 1.3 Fighting
 - Level 2.0 Dodging
 - Level 5.1 Stealth
 + Level 3.5 Unarmed Combat
 - Level 2.0 Spellcasting
 - Level 2.0 Transmutations


You had 4 spell levels left.
You knew the following spells:

 Your Spells              Type           Power      Damage    Failure   Level
a - Beastly Appendage     Tmut           14%        N/A       10%         1
b - Wereblood             Tmut           7%         N/A       14%         2

Your spell library contained the following spells:

 Spells                   Type           Power      Damage    Failure   Level
 Spider Form              Tmut/Pois      4%         N/A       41%         3
 Ice Form                 Ice/Tmut       4%         N/A       82%         4


Dungeon Overview and Level Annotations

Branches:
Dungeon (2/15)

Altars:
Nemelex Xobeh

Annotations:
D:2 Natasha


Innate Abilities, Weirdness & Mutations

You cannot wear most types of armour.
You are amphibious.
You can wear up to eight rings at the same time.
Your skin changes colour to match your surroundings (Stealth+).
Your rubbery body absorbs attacks. (AC +1, EV +1)
((You are camouflaged when in or above water. (Stealth+)))
You have tentacles for arms and can constrict up to eight enemies at once.


Message History

You are too injured to fight recklessly!
You barely miss Natasha.
Your tentacle spike misses Natasha.
Natasha is almost dead.
You constrict Natasha. Natasha closely misses you.
You tentacle-slap Natasha but do no damage.
Natasha is almost dead.
Your transformation is almost over.
You constrict Natasha.
You kill Natasha!
Natasha screams in pain as she dies!
You now have 84 gold pieces (gained 10).
You start resting.
Magic restored.
You start resting.
Your tentacle spike disappears.
Natasha, Servant of Life and Death comes into view.
She is carrying a wand of quicksilver (13).
Natasha hisses angrily.
Natasha stares at you and mumbles some strange words.
You feel yourself slow down.
You see here a +0 sling.
You turn into a tree.
Your roots penetrate the ground.
Natasha casts a spell.
Unknown command.
Natasha zaps a wand.
The bolt of dispelling energy hits you but does no damage.
Your magical effects are unravelling.
Natasha zaps a wand.
The bolt of dispelling energy hits you but does no damage.
You feel less wooden.
You feel yourself speed up.
Natasha zaps a wand.
The bolt of dispelling energy hits you!
* * * LOW HITPOINT WARNING * * *
The crimson imp blinks!
As you read the scroll labelled MUTANU PAUBB, it crumbles to dust.
It is a scroll of identify.
c - a scroll of amnesia It was a potion of invisibility.
You fade into invisibility!
Natasha zaps a wand.
The bolt of dispelling energy hits you!
Your magical effects are unravelling.
You die...

......#####.........##.......#...
......# #.....####.##.......#.##
......# #.....+....##....#......
###...# #.....#######.####.##.##
...# #.....#####...# #.##.##
#..5....?.#.### #.##
...#.#....#.##### #...
#h#).........##.#####
#...@.....<..##......
###..........########
##+##......######## +..
#..............
#...#......######## #...#......#
. #...#......# ## #........### .
######...)..# #


You could see Natasha.

Vanquished Creatures
  Natasha (twice) (D:2)
  4 dart slugs
  4 endoplasms
  2 giant cockroaches (D:1)
  7 goblins
  8 hobgoblins
  3 bats
  A frilled lizard (D:1)
  4 kobolds
  3 rats
38 creatures vanquished.

Notes
Turn   | Place    | Note
-------+----------+-------------------------------------------
     0 | D:1      | manyhoops the Octopode Transmuter began the quest for the
                  | Orb.
     0 | D:1      | Reached XP level 1. HP: 13/13 MP: 3/3
   110 | D:1      | Found a faded altar of an unknown god.
   146 | D:1      | Reached skill level 1 in Stealth
   146 | D:1      | Reached XP level 2. HP: 16/18 MP: 1/5
   334 | D:1      | Reached skill level 2 in Stealth
   729 | D:1      | Reached skill level 3 in Stealth
   856 | D:1      | Reached XP level 3. HP: 23/23 MP: 4/6
  1748 | D:2      | Learned a level 2 spell: Wereblood
  1795 | D:2      | Reached skill level 4 in Stealth
  1821 | D:2      | Found a sparkling altar of Nemelex Xobeh.
  1844 | D:2      | Noticed Natasha
  1889 | D:2      | Killed Natasha
  1890 | D:2      | Reached skill level 5 in Stealth
  1890 | D:2      | Reached XP level 4. HP: 11/28 MP: 5/7
  2074 | D:2      | Noticed Natasha
  2081 | D:2      | Killed Natasha
  2130 | D:2      | Noticed Natasha
  2140 | D:2      | Killed from afar by Natasha

Illustrated notes

Levels and vault maps discovered:
D:1:      grunt_arrival_crossed_arrows, layout_basic,
          ebering_ecumenical_altar_box, minivault_14
D:2:      layout_basic, basic_altar, roderic_serpentine_path,
          serial_park_tiny_1, minmay_indecisive_spiral, uniq_terence,
          uniq_natasha

Skill      XL: |  1  2  3 |
---------------+----------+-----
Stealth        | 1 3 5 |  5.1
Fighting       | |  1.3
Dodging        | |  2.0
Unarmed Combat | |  3.5
Spellcasting   | |  2.0
Transmutations | |  2.0

Action                   |  1- 3 |  4- 6 || total
-------------------------+-------+-------++-------
Melee: Unarmed           |    65 |     7 ||    72
       Constrict         |    18 |     3 ||    21
       Tentacles         |    12 |     2 ||    14
       Kick              |    18 |     3 ||    21
       Punch             |     1 |       ||     1
 Cast: Beastly Appendage |    29 |     3 ||    32
  Use: Potion            |       |     2 ||     2
       Scroll            |       |     1 ||     1
 Stab: Sleeping          |     4 |       ||     4
Armor: Skin              |     4 |     3 ||     7
Dodge: Dodged            |    23 |     4 ||    27
